 Dungeon Crawl Stone Soup version 0.20.1-1-g8b1a95d (webtiles) character file.

380 ringo67 the Firebug (level 6, -3/32 HPs)
             Began as a Deep Elf Fire Elementalist on Dec 25, 2017.
             Shot with an arrow by a centaur (11 damage)
             ... on level 5 of the Dungeon.
             The game lasted 00:08:55 (3681 turns).

ringo67 the Firebug (Deep Elf Fire Elementalist)    Turns: 3681, Time: 00:08:55

Health: -3/32      AC:  3    Str:  5    XL:     6   Next: 46%
Magic:  2/15       EV: 13    Int: 22    God:
Gold:   276        SH:  0    Dex: 15    Spells: 4/15 levels left

rFire    . . .     SeeInvis .   l - +2 dagger (protect)
rCold    . . .     Gourm    .   (no shield)
rNeg     + . .     Faith    .   a - +1 robe
rPois    .         Spirit   .   (no helmet)
rElec    .         Reflect  .   (no cloak)
rCorr    .         Harm     .   (no gloves)
MR       .....                  (no boots)
Stlth    ++........             t - amulet of regeneration
Regen    0.5/turn               w - ring of positive energy
MPRegen  0.2/turn               (no ring)

@: very slightly contaminated
A: no striking features
a: no special abilities


You were on level 5 of the Dungeon.
You were not hungry.

You visited 1 branch of the dungeon, and saw 5 of its levels.

You collected 276 gold pieces.

Inventory:

Hand Weapons
 e - a +0 short sword
 l - a +2 dagger of protection (weapon)
Armour
 a - a +1 robe (worn)
Jewellery
 t - an amulet of regeneration (around neck)
 v - the ring of Aror Qumu {Wiz rElec Dex+9, unknown}
   (You found it on level 4 of the Dungeon)

   [ring of wizardry]

   It improves your spell success rate.
   It affects your dexterity (+9).
   It insulates you from electricity.
 w - a ring of positive energy (left hand)
Scrolls
 g - a scroll of amnesia {unknown}
 h - 2 scrolls of blinking {unknown}
 i - a scroll of identify
 m - 4 scrolls of teleportation
 n - a scroll of enchant armour
 p - a scroll of random uselessness {unknown}
 r - 2 scrolls of enchant weapon {unknown}
 s - a scroll of immolation {unknown}
 u - 3 scrolls of remove curse {unknown}
Potions
 f - 3 potions of flight {unknown}
 j - 2 potions of agility
 k - a potion of resistance {unknown}
 o - a potion of haste {unknown}
 q - a potion of invisibility {unknown}
 z - 4 potions of curing {unknown}
Books
 b - a book of Flames

   Spells                             Type                      Level
   a - Flame Tongue                   Conjuration/Fire             1
   b - Throw Flame                    Conjuration/Fire             2
   c - Conjure Flame                  Conjuration/Fire             3
   d - Inner Flame                    Hexes/Fire                   3
   e - Sticky Flame                   Conjuration/Fire             4
   f - Fireball                       Conjuration/Fire             5
 y - a book of Minor Magic

   Spells                             Type                      Level
   a - Magic Dart                     Conjuration                  1
   b - Blink                          Translocation                2
   c - Call Imp                       Summoning                    2
   d - Slow                           Hexes                        2
   e - Conjure Flame                  Conjuration/Fire             3
   f - Mephitic Cloud                 Conjuration/Poison/Air       3
Comestibles
 c - 3 bread rations
 d - 2 meat rations
 x - a royal jelly
 A - 5 chunks of flesh
 B - 3 fruits


   Skills:
 - Level 2.4 Dodging
 - Level 2.4 Stealth
 - Level 5.3 Spellcasting
 + Level 4.6 Conjurations
 + Level 5.4 Fire Magic


You had 4 spell levels left.
You knew the following spells:

 Your Spells              Type           Power        Failure   Level  Hunger
a - Flame Tongue          Conj/Fire      ####.        1%          1    None
b - Conjure Flame         Conj/Fire      ####....     3%          3    ##.....
c - Sticky Flame          Conj/Fire      ####....     12%         4    ####...
d - Magic Dart            Conj           ####         1%          1    None
e - Blink                 Tloc           N/A          16%         2    None


Dungeon Overview and Level Annotations

Branches:
Dungeon (5/15)
 Temple: D:4-7

Altars:
Fedhas
Gozag
Qazlal
Ru
Xom
The Shining One

Shops:
D:5 *


Message History

The ogre is almost dead.
The ogre is covered in liquid flames!
The ogre burns!
You kill the ogre!
A centaur comes into view.
The centaur shouts!
The sky beast flickers out of sight!
Deactivating autopickup; reactivate with Ctrl-A.
The centaur wields a shortbow.
The centaur shoots an arrow.
The centaur shoots an arrow.
The arrow hits you!
You see here an arrow.
The centaur shoots an arrow.
Reactivating autopickup.
The centaur shoots an arrow.
The arrow hits you!
* * * LOW HITPOINT WARNING * * *
You see here an arrow.
Casting: Sticky Flame
Confirm with . or Enter, or press ? or * to list all spells.
You miscast Blink.
Your skin tingles.
The centaur shoots an arrow.
The arrow hits you!
You die...

. #...##.........# .
##..###.###.....# .#
#...# #.###...(.#
..###.#.# #...#.....#
#.#...>.#####.#...>.#
#...##.###....#...###
...........#..#..##
..#.########..#..#
..#.##..# ##.#.@# #
#.#...# #..(##
###...#.#####.∩.#
......#.##.....(#
.####.#.#.....#(#
...............##
......#...#...c#
#..............######
....................#


You could see a centaur.

Vanquished Creatures
  2 ogres (D:5)
  An orc priest (D:5)
  2 worker ants
  4 gnolls
  2 adders
  An ooze (D:1)
  An adder skeleton (D:4)
  A worm (D:3)
  A dart slug (D:1)
  2 leopard geckos
  4 orcs
  A ball python (D:4)
  6 bats
  4 giant cockroaches
  7 goblins
  5 hobgoblins
  3 jackals
  2 kobolds (D:1)
  A quokka (D:4)
  2 frilled lizards
  A quokka skeleton (D:4)
  6 rats
59 creatures vanquished.

Vanquished Creatures (others)
  A sky beast (D:5)
1 creature vanquished.

Grand Total: 60 creatures vanquished

Notes
Turn   | Place    | Note
-------+----------+-------------------------------------------
     0 | D:1      | ringo67 the Deep Elf Fire Elementalist began the quest for the Orb.
     0 | D:1      | Reached XP level 1. HP: 10/10 MP: 6/6
   177 | D:1      | Reached XP level 2. HP: 15/15 MP: 5/8
   760 | D:1      | Reached XP level 3. HP: 15/19 MP: 5/10
  1003 | D:2      | Found a shimmering altar of Xom.
  1358 | D:2      | Found a glowing golden altar of the Shining One.
  1685 | D:2      | Reached XP level 4. HP: 8/24 MP: 9/12
  2228 | D:3      | Found an opulent altar of Gozag.
  2447 | D:3      | Found a blossoming altar of Fedhas.
  2609 | D:3      | Found a stormy altar of Qazlal.
  2609 | D:3      | Found a sacrificial altar of Ru.
  2784 | D:4      | Got a pitted golden ring
  2796 | D:4      | Reached skill level 5 in Spellcasting
  2928 | D:4      | Reached XP level 5. HP: 28/28 MP: 10/14
  2933 | D:4      | Learned a level 3 spell: Conjure Flame
  2938 | D:4      | Learned a level 4 spell: Sticky Flame
  3260 | D:5      | Entered Level 5 of the Dungeon
  3369 | D:5      | Noticed an ogre
  3378 | D:5      | Killed an ogre
  3478 | D:5      | Learned a level 1 spell: Magic Dart
  3483 | D:5      | Learned a level 2 spell: Blink
  3519 | D:5      | Reached skill level 5 in Fire Magic
  3519 | D:5      | Reached XP level 6. HP: 18/32 MP: 7/15
  3627 | D:5      | Found Mumaumut's General Store.
  3660 | D:5      | Noticed a sky beast
  3680 | D:5      | Killed a sky beast
  3681 | D:5      | Shot with an arrow by a centaur

Skill      XL: |  1  2  3  4  5 |
---------------+----------------+-----
Conjurations   | 2 3 4 |  4.6
Spellcasting   | 4 5 |  5.3
Fire Magic     | 4 5 |  5.4
Dodging        | |  2.4
Stealth        | |  2.4

Action                   |  1- 3 |  4- 6 || total
-------------------------+-------+-------++-------
Melee: Dagger            |     3 |       ||     3
       Short sword       |     3 |       ||     3
 Cast: Flame Tongue      |    55 |    65 ||   120
       Magic Dart        |       |     9 ||     9
       Sticky Flame      |       |     3 ||     3
  Use: Scroll            |     3 |     2 ||     5
  Eat: Chunk             |     2 |     6 ||     8
       Fruit             |       |     1 ||     1
Armor: Robe              |     5 |     2 ||     7
Dodge: Dodged            |    17 |     8 ||    25
